 Dungeon Crawl Stone Soup version 0.31.0-11-ge490571c62 (webtiles) character file.

Game seed: 1472657110145242689

46 qw the Shooter (level 3, -1/20 HPs)
             Began as a Deep Elf Hunter on Feb 5, 2024.
             Slain by a gnoll
             ... wielding a +0 halberd
              (3 damage)
             ... on level 2 of the Dungeon.
             The game lasted 00:00:31 (1051 turns).

qw the Shooter (Deep Elf Hunter)                    Turns: 1051, Time: 00:00:32

Health: -1/20      AC:  3    Str: 10    XL:     3   Next: 44%
Magic:  5/5        EV: 13    Int: 13    God:
Gold:   70         SH:  0    Dex: 24    Spells: 2/2 levels left

rFire   . . .        a - +0 shortbow
rCold   . . .        (shield currently unavailable)
rNeg    . . .        c - +0 leather armour
rPois   .            (no helmet)
rElec   .            (no cloak)
rCorr   .            (no gloves)
SInv    .            (no boots)
Will    +....        (no amulet)
Stlth   ++           i - +6 ring of dexterity
HPRegen 0.23/turn    j - ring of willpower
MPRegen 0.09/turn

%: no passive effects
@: no status effects
A: no striking features
a: no special abilities


You were on level 2 of the Dungeon.
You visited 1 branch of the dungeon, and saw 2 of its levels.

You collected 70 gold pieces.


   Skills:
 - Level 1.5 Fighting
 - Level 7.0 Ranged Weapons
 + Level 2.4 Dodging
 - Level 1.2 Stealth


You had 2 spell levels left.
You didn't know any spells.
Your spell library was empty.

Inventory:

Hand Weapons
 a - a +0 shortbow (weapon)
Armour
 b - a +0 ring mail
 c - a +0 leather armour (worn)
 f - a +0 pair of gloves
Jewellery
 i - a +6 ring of dexterity (left hand)
 j - a ring of willpower (right hand)
Scrolls
 e - 2 scrolls of identify
 g - a scroll of teleportation {unknown}
Potions
 d - a potion of enlightenment
 h - a potion of lignification {unknown}
 l - 2 potions of haste

Dungeon Overview and Level Annotations

Branches:
Dungeon (2/15)

Altars:

Shops:
D:2 (


Message History

You see here a +0 falchion of electrocution.
You shoot an arrow. The arrow hits the ball python.
The ball python is heavily wounded.
You shoot an arrow.
The arrow closely misses the ball python.
You shoot an arrow. The arrow hits the ball python!
You kill the ball python!
Your Ranged Weapons skill increases to level 7!
You now have 70 gold pieces (gained 10).
Found a falchion.
An endoplasm and a quokka come into view.
You shoot an arrow. The arrow hits the endoplasm.
The endoplasm quivers.
The endoplasm is heavily wounded.
A gnoll comes into view. It is wielding a +0 halberd.
You shoot an arrow. The gnoll shouts!
The arrow hits the endoplasm.
You kill the endoplasm!
You shoot an arrow.
The arrow hits the gnoll but does no damage.
You shoot an arrow. The arrow hits the quokka.
The quokka is severely wounded.
You shoot an arrow. The arrow hits the quokka.
The quokka is almost dead.
You shoot an arrow. The arrow barely misses the quokka.
The quokka completely misses you.
You shoot an arrow. The arrow barely misses the quokka.
The arrow hits the gnoll.
The gnoll is moderately wounded.
The gnoll hits you from afar with a +0 halberd!
Ouch! That really hurt!
The quokka barely misses you.
The gnoll hits you from afar with a +0 halberd.
You shoot an arrow.
The arrow hits the quokka but does no damage.
The quokka is almost dead.
The quokka misses you.
The gnoll hits you from afar with a +0 halberd.
You die...

#.........# #.........# ##
#........)#### .# ##
##...#..#...... .# ...
##....##........ .## ....
##...#........... ..######......
##...##.....###.##
...............#..#.##....###..#
...####. ...).gr@..............#
##...## ...........#..P.##.P#.#
......#..........####.#.P....P.#
##..).#...........###.#......#.##
......................'..........
##........#.......##..'......#.#.
#.........##.....###..#......#.#.
#.........#......##...#..P...#.#
#.........#...........####P.#P.


You could see a gnoll and a quokka.

Vanquished Creatures
  2 dart slugs
  A ribbon worm (D:2)
  8 endoplasms
  A giant cockroach (D:2)
  2 goblins (D:1)
  3 hobgoblins
  3 kobolds
  2 quokkas
  7 ball pythons
  6 bats
  3 rats
38 creatures vanquished.

Notes
Turn   | Place    | Note
-------+----------+-------------------------------------------
     0 | D:1      | qw the Deep Elf Hunter began the quest for the Orb.
     0 | D:1      | Reached XP level 1. HP: 12/12 MP: 3/3
     0 | D:1      | 0 ||| qw: Version: 0.3-a-160-g6735b56
     0 | D:1      | 0 ||| qw: Game counter: 6229
     0 | D:1      | 0 ||| qw: Melee chars always use a shield: true
     0 | D:1      | 0 ||| qw: God list: Okawaru
     0 | D:1      | 0 ||| qw: Allow faded altars: false
     0 | D:1      | 0 ||| qw: Do Orc after clearing Dungeon:15 true
     0 | D:1      | 0 ||| qw: Do second Lair branch before Depths: true
     0 | D:1      | 0 ||| qw: Lair rune preference: random
     0 | D:1      | 0 ||| qw: Goals: Normal
     0 | D:1      | 0 ||| PLANNING D:1-11
    65 | D:1      | Reached skill level 6 in Ranged Weapons
    65 | D:1      | Reached XP level 2. HP: 16/16 MP: 4/4
   598 | D:1      | 598 ||| UPGRADING to +6 ring of dexterity.
   599 | D:1      | 599 ||| UPGRADING to ring of willpower.
   600 | D:1      | 600 ||| READING scroll labelled HOHEESTRYQI.
   601 | D:1      | 601 ||| READING 3 scrolls labelled CIRONUS ZEBUDD.
   601 | D:1      | 601 ||| IDENTIFYING emerald potion
   602 | D:1      | 602 ||| READING 2 scrolls of identify.
   602 | D:1      | 602 ||| IDENTIFYING yellow potion
   603 | D:1      | 603 ||| READING scroll of identify.
   603 | D:1      | 603 ||| IDENTIFYING coppery potion
   604 | D:1      | 604 ||| READING scroll labelled GAMIUS IMETEDIRRY.
   605 | D:1      | 605 ||| DRINKING 2 golden potions.
   606 | D:1      | 606 ||| DROPPING scroll of butterflies.
   607 | D:1      | 607 ||| DROPPING potion of ambrosia.
   609 | D:1      | 609 ||| Stepping ~*~*~tactically~*~*~ (cloud).
   610 | D:1      | 610 ||| DRINKING potion of curing.
   610 | D:1      | 610 ||| (to cure poison)
   612 | D:1      | 612 ||| Stepping ~*~*~tactically~*~*~ (cloud).
   619 | D:1      | HP: 4/16 [poisoned by you (poison gas)]
   624 | D:1      | HP: 2/16 [poisoned by you (poison gas)]
   743 | D:2      | 743 ||| STAIRDANCE
   745 | D:2      | Reached XP level 3. HP: 20/20 MP: 5/5
   856 | D:2      | Found Munk's Weapon Emporium.
   880 | D:2      | Found a faded altar of an unknown god.
  1028 | D:2      | Reached skill level 7 in Ranged Weapons
  1050 | D:2      | HP: 2/20 [gnoll/+0 halberd (5)]
  1051 | D:2      | Slain by a gnoll

Levels and vault maps discovered:
D:1:      psy_arrival_terrarium, layout_basic
D:2:      cheibrodos_old_hovel, layout_rooms, serial_shops,
          nicolae_shop_bloodbath_and_beyond,
          shapermc_ecumenical_altar_totnotflames

Skill      XL: |  1  2  3 |
---------------+----------+-----
Ranged Weapons | 6 7 |  7.0
Fighting       | |  1.5
Dodging        | |  2.4
Stealth        | |  1.2

Action                     || total
---------------------------++-------
   Fire: Shortbow          ||    97
    Use: Scroll            ||     5
         Potion            ||     2
 Armour: Leather armour    ||    14
  Dodge: Dodged            ||    29

Table legend:
 A = Non-vault XP
 B = Vault XP
 C = Vault XP percentage of total XP
 D = Non-vault monster count
 E = Vault monster count
 F = Vault count percentage of total count
                 A         B        C        D         E       F
            +---------+---------+-------+---------+---------+-------
      Total |      66 |       0 |   0.0 |      38 |       0 |   0.0
            +---------+---------+-------+---------+---------+-------
        D:1 |      39 |       0 |   0.0 |      24 |       0 |   0.0
        D:2 |      27 |       0 |   0.0 |      14 |       0 |   0.0
            +---------+---------+-------+---------+---------+-------
